 Dungeon Crawl Stone Soup version 0.18-a0-1497-g788d838 (webtiles) character file.

73744 Tomstefer the Black Belt (level 15, -3/83 HPs)
             Began as a Vine Stalker Monk on Mar 4, 2016.
             Was a High Priest of Ashenzari.
             Shot with a bolt of flame by an orc warlord (26 damage)
             ... on level 1 of the Orcish Mines.
             The game lasted 01:14:22 (20675 turns).

Tomstefer the Black Belt (Vine Stalker Monk)       Turns: 20675, Time: 01:14:22

Health: -3/83      AC:  7    Str: 14    XL:     15   Next: 44%
Magic:  0/20       EV: 26    Int: 23    God:    Ashenzari [*****.]
Gold:   972        SH:  8    Dex: 17    Spells: 1 memorised, 9 levels left

rFire  + + .     SeeInvis +       - Unarmed
rCold  + + +     Gourm    .     (no armour)
rNeg   + . .     Faith    .     d - +2 buckler {rC+}
rPois  .         Spirit   +     y - +0 helmet (curse)
rElec  .         Dismiss  .     o - +2 cloak (curse)
rCorr  .         Reflect  .     O - +0 pair of gloves {rC+} (curse)
SustAt .         Harm     .     R - +1 pair of boots "Ohiopp" {+Blink rF+ Regen+} (curse)
MR     +....     Clarity  +     (no amulet)
Stlth  +++.......               c - ring of Etiunuse {*Drain EV+4 Int+6} (curse)
                                T - ring of the Crown {rF+ rC+ rN+ Int+6 Dex-5} (curse)

@: somewhat resistant to hostile enchantments, fairly stealthy
A: fangs 3, regeneration 3, magic shield, antimagic bite, no device heal 3, rot
immunity
a: Curse Item, Scrying, Transfer Knowledge, Renounce Religion, Evoke Blink


You were on level 1 of the Orcish Mines.
You worshipped Ashenzari.
Ashenzari was extremely pleased with you.
You were not hungry.

You visited 3 branches of the dungeon, and saw 21 of its levels.
You also visited: Ice Cave.

You collected 1899 gold pieces.
You spent 927 gold pieces at shops.

Inventory:

Missiles
 w - 649 stones (quivered)
Armour
 d - a +2 buckler of cold resistance (worn)
 o - a cursed +2 cloak (worn)
 r - the cursed +5 ring mail of Insecurity {+Blink Str+2}
   (You bought it in a shop on level 2 of the Orcish Mines)

   It affects your strength (+2).
   It lets you blink.
   It has a curse placed upon it.
 y - a cursed +0 helmet (worn)
 O - a cursed +0 pair of gloves of cold resistance (worn)
 R - the cursed +1 pair of boots "Ohiopp" (worn) {+Blink rF+ Regen+}
   (You bought it in a shop on level 9 of the Dungeon)

   It protects you from fire.
   It lets you blink.
   It increases your rate of regeneration.
   It has a curse placed upon it.
Jewellery
 c - the cursed ring of Etiunuse (right hand) {*Drain EV+4 Int+6}
   (You acquired it on level 9 of the Dungeon)

   [ring of evasion]

   It affects your evasion (+4).
   It affects your intelligence (+6).
   It causes draining when unequipped.
   It has a curse placed upon it.
 T - the cursed ring of the Crown (left hand) {rF+ rC+ rN+ Int+6 Dex-5}
   (You found it on level 9 of the Dungeon)

   [ring of protection from fire]

   It affects your intelligence (+6).
   It affects your dexterity (-5).
   It protects you from fire.
   It protects you from cold.
   It protects you from negative energy.
   It has a curse placed upon it.
Wands
 a - a wand of iceblast (7/15)
 f - a wand of polymorph (12/24)
 h - a wand of slowing (14/48)
 I - a wand of digging (8/24)
 V - a wand of teleportation (5/9)
Scrolls
 g - 4 scrolls of fear
 i - 7 scrolls of teleportation
 u - 4 scrolls of remove curse
 D - a scroll of blinking
 E - 6 scrolls of fog
 G - a scroll of recharging
 K - 2 scrolls of amnesia
 M - 5 scrolls of identify
 U - 3 scrolls of enchant armour
 Y - a scroll of immolation
Potions
 k - 2 potions of magic
 l - 3 potions of cancellation
 m - 3 potions of brilliance
 n - 2 potions of agility
 p - a potion of might
 s - 3 potions of invisibility
 v - 5 potions of flight
 x - 7 potions of curing
 z - 3 potions of haste
Miscellaneous
 e - a crystal ball of energy
 F - a fan of gales
Comestibles
 b - 11 bread rations
 j - 8 meat rations
 q - 11 chunks of flesh
 A - 4 slices of pizza
 C - 22 royal jellies
 W - 6 beef jerkies
 X - 12 fruits


   Skills:
 + Level 11.6 Fighting
 - Level 3.1 Armour
 + Level 10.4(12.9) Dodging
 - Level 2.4(4.5) Stealth
 - Level 5.2 Shields
 * Level 17.2 Unarmed Combat
 + Level 5.4(8.1) Transmutations
 - Level 6.1(8.9) Evocations


You had 9 spell levels left.
You knew the following spells:

 Your Spells              Type           Power        Failure   Level  Hunger
a - Alistair's Intoxicat  Trmt/Pois      ###.....     82%         5    ######.


Dungeon Overview and Level Annotations

Branches:
Dungeon (11/15)            Temple (0/1) D:4            Lair (8/8) D:9
 Shoals (0/4) Lair:6       Spider (0/4) Lair:5        Slime (0/6) Lair:6
    Orc (2/2) D:9             Elf (0/3) Orc:2

Altars:
Ashenzari
Cheibriados
Fedhas
Kikubaaqudgha
Makhleb
Okawaru
Pakellas
Qazlal
Ru
Trog
Beogh
Jiyva

Shops:
D:8 }   D:9 ![}   D:10 =   Orc:2 *=[

Annotations:
D:11 Maurice
Lair:6 exclusion: ice statue


Innate Abilities, Weirdness & Mutations

You have razor-sharp teeth.
You regenerate.
When hurt, damage is shared between your health and your magic reserves.
Your bite disrupts and absorbs the magic of your enemies.
Potions and wands cannot restore your health.
You are immune to rotting.


Message History

The orc warlord is almost dead.
The orc warrior hits you from afar with a trident!!
* * * LOW HITPOINT WARNING * * *
You are too injured to fight recklessly!
You are too injured to fight recklessly!
The orc warlord unwields an uncursed long sword of freezing.
The orc warlord wields an arbalest.
The orc warlord shoots a bolt of flame.
The bolt of flame misses you.
You blink.
You feel slightly more hungry.
The orc warlord shoots a bolt of flame.
The bolt of flame completely misses you.
Found 21 gold pieces.
The orc warlord roars a battlecry!
The orcs go into a battle-frenzy!
The orc warlord shoots a bolt of flame.
The bolt of flame completely misses you.
You see here an uncursed dagger.
The orc warlord roars a battlecry!
The orc warlord shoots a bolt of flame.
The bolt of flame hits you!!
You die...

...###.#...o...#.#..#...,,,
,* ....#...#..#o........#
.... , *
.....#......#........#..#..#
* *
....###....................#
* #.###
##....o.....#........## ### *
##..(.....## #.......#....
**,*
............###....#....... ,
...........)รท)#.............
* ,
...........@()....#....#....
, .........(.>.)............#
,........(.........##......#
*,
*..$.....#...#....#......#*
*, ,* ...........##........#
*, ...........#.......## , ,
,.#.........#.......# *, ,,
###......##......## * , * ,,
##.....#......##


You could see an orc warlord and an orc (frenzied).

Vanquished Creatures
  Rupert (Orc:2)
  Maud (D:9)
  An orc warlord (Orc:1)
  Erolcha (D:9)
  3 hydras
  2 ice dragons
  2 catoblepae
  A deep troll shaman (Lair:8)
  An orc high priest (Orc:2)
  4 death yaks (Lair:8)
  Sonja (Lair:4)
  Urug (Lair:1)
  An unseen horror (D:10)
  A lindwurm (Lair:8)
  5 griffons
  3 orc knights
  2 orc sorcerers (Orc:2)
  A manticore (D:10)
  2 oklob plants
  19 elephants
  Joseph (D:10)
  2 ice statues (IceCv)
  8 black mambas
  A gargoyle (D:10)
  19 spiny frogs
  4 rime drakes
  2 komodo dragons
  11 ice devils (IceCv)
  A troll (Orc:2)
  3 polar bears
  A queen bee (Lair:4)
  19 blink frogs
  2 boulder beetles
  A snapping turtle (Lair:6)
  A wraith (D:10)
  32 yaks
  Sigmund (D:2)
  A hill giant zombie (D:9)
  2 wyverns
  2 basilisks
  2 steam dragons
  12 hippogriffs
  A hungry ghost (D:9)
  37 wolves
  21 water moccasins
  2 wargs
  A soldier ant (D:10)
  15 porcupines
  21 orc warriors
  A wasp (D:10)
  6 ice beasts
  3 sky beasts
  4 black bears
  3 phantoms
  8 ogres
  A centaur (D:10)
  19 crocodiles
  4 big kobolds
  Blork the orc (Orc:2)
  14 giant frogs
  A water moccasin zombie (D:8)
  6 scorpions
  A troll zombie (D:9)
  30 killer bees
  3 electric eels
  3 howler monkeys (D:8)
  2 crimson imps (D:8)
  9 hounds
  A quasit (D:8)
  14 orc priests
  2 jellies (D:5)
  11 orc wizards
  A centaur skeleton (D:4)
  A giant frog skeleton (D:9)
  A gnoll shaman (Orc:2)
  6 iguanas
  Ijyb (D:2)
  Terence (D:3)
  8 worker ants
  6 ogre zombies
  23 sheep
  A mummy (D:5)
  2 worker ant zombies
  4 gnolls (Orc:2)
  10 adders
  90 river rats
  10 white imps (IceCv)
  4 ufetubi (IceCv)
  An ooze (D:2)
  A worm (D:2)
  A dart slug (D:1)
  8 giant geckos
  56 orcs
  11 giant cockroaches
  7 goblins
  9 hobgoblins
  10 jackals
  6 quokkas
  3 ball pythons
  7 bats
  A giant gecko skeleton (D:5)
  2 giant newts
  A goblin skeleton (D:9)
  A goblin zombie (D:9)
  4 hobgoblin skeletons (D:9)
  3 hobgoblin zombies (D:9)
  A jackal zombie (D:6)
  24 kobolds
  2 orc skeletons (D:9)
  14 orc zombies
  12 rats
  A butterfly (Lair:7)
781 creatures vanquished.

Vanquished Creatures (others)
  A wizard (D:3)
  A polar bear (Lair:6)
  A human (D:5)
  3 ufetubi (IceCv)
  18 fungi
  11 plants
35 creatures vanquished.

Grand Total: 816 creatures vanquished

Notes
Turn   | Place    | Note
--------------------------------------------------------------
     0 | D:1      | Tomstefer the Vine Stalker Monk began the quest for the Orb.
     0 | D:1      | Reached XP level 1. HP: 11/11 MP: 2/2
   246 | D:1      | Reached XP level 2. HP: 14/16 MP: 3/3
   366 | D:1      | Found a shattered altar of Ashenzari.
   384 | D:1      | Became a worshipper of Ashenzari the Shackled
   384 | D:1      | Reached * piety under Ashenzari
   384 | D:1      | Reached ** piety under Ashenzari
   630 | D:1      | Reached XP level 3. HP: 19/19 MP: 4/4
  1143 | D:2      | Found a faded altar to an unknown god.
  1173 | D:2      | Noticed Ijyb
  1188 | D:2      | Killed Ijyb
  1192 | D:2      | Reached XP level 4. HP: 15/24 MP: 3/5
  1197 | D:2      | Found an iron altar of Okawaru.
  1319 | D:2      | Noticed Sigmund
  1329 | D:2      | Killed Sigmund
  1329 | D:2      | Reached skill level 5 in Unarmed Combat
  1329 | D:2      | Reached XP level 5. HP: 26/28 MP: 6/6
  1333 | D:2      | Gained mutation: You heal very quickly. [Vine Stalker growth]
  1333 | D:2      | Reached XP level 6. HP: 26/32 MP: 5/7
  1897 | D:3      | Noticed Terence
  1913 | D:3      | Killed Terence
  1951 | D:3      | Reached skill level 6 in Unarmed Combat
  2098 | D:3      | Found a bloodstained altar of Trog.
  2101 | D:3      | Noticed a wizard
  2106 | D:3      | Killed a wizard
  2441 | D:3      | Found a burning altar of Makhleb.
  2443 | D:3      | Noticed a blizzard demon
  2447 | D:3      | Noticed an orange demon
  2447 | D:3      | Noticed a smoke demon
  2465 | D:3      | Reached *** piety under Ashenzari
  2851 | D:4      | Noticed a sky beast
  2897 | D:4      | Killed a sky beast
  2897 | D:4      | Reached XP level 7. HP: 37/37 MP: 8/8
  3146 | D:4      | Reached skill level 7 in Unarmed Combat
  3155 | D:4      | Found a staircase to the Ecumenical Temple.
  3484 | D:4      | Reached skill level 1 in Armour
  3714 | D:4      | Gained mutation: You have razor-sharp teeth. [Vine Stalker growth]
  3714 | D:4      | Reached XP level 8. HP: 37/42 MP: 7/9
  4011 | D:5      | Entered Level 5 of the Dungeon
  4021 | D:5      | Found an ancient bone altar of Kikubaaqudgha.
  4459 | D:5      | Reached skill level 8 in Unarmed Combat
  4485 | D:5      | Found a snail-covered altar of Cheibriados.
  5005 | D:6      | Reached skill level 5 in Fighting
  5178 | D:6      | Found a burning altar of Makhleb.
  5862 | D:7      | Reached skill level 9 in Unarmed Combat
  5862 | D:7      | Reached XP level 9. HP: 30/47 MP: 6/10
  6562 | D:8      | Found a sacrificial altar of Ru.
  6820 | D:8      | Found an oddly glowing altar of Pakellas.
  6820 | D:8      | Found Pakellas's Prime Provisions.
  7306 | D:9      | Found Efufeal's Gadget Emporium.
  7387 | D:9      | Found a staircase to the Orcish Mines.
  7463 | D:9      | Found Elalekul's Antique Armour Boutique.
  7464 | D:9      | Found a staircase to the Lair.
  7479 | D:9      | Reached skill level 10 in Unarmed Combat
  7523 | D:8      | Reached skill level 5 in Dodging
  7662 | D:9      | Found a blossoming altar of Fedhas.
  7667 | D:9      | Bought a pair of ancient boots for 351 gold pieces
  7695 | D:9      | Identified the ring of the Crown {rF+ rC+ rN+ Int+6 Dex-5}
  7732 | D:9      | Identified the +1 pair of boots "Ohiopp" {+Blink rF+ Regen+} (You bought it in a shop on level 9 of the Dungeon)
  7786 | D:9      | Reached **** piety under Ashenzari
  7824 | D:9      | Found a stormy altar of Qazlal.
  7854 | D:10     | Entered Level 10 of the Dungeon
  7881 | D:9      | Reached XP level 10. HP: 34/53 MP: 7/11
  7927 | D:9      | Reached skill level 1 in Evocations
  8147 | D:8      | Reached skill level 11 in Unarmed Combat
  8222 | D:9      | Noticed Erolcha
  8226 | D:9      | Paralysed by Erolcha for 5 turns
  8240 | D:9      | Killed Erolcha
  8261 | D:9      | Found Hulorchuh's Distillery.
  8326 | D:9      | Identified a scroll of acquirement
  8326 | D:9      | Identified the cursed ring of Etiunuse {*Drain EV+4 Int+6} (You acquired it on level 9 of the Dungeon)
  8839 | D:10     | Noticed Maud
  8974 | D:9      | Killed Maud
  8974 | D:9      | Reached XP level 11. HP: 25/58 MP: 8/14
  8975 | D:9      | Reached skill level 12 in Unarmed Combat
  9071 | D:10     | Noticed a manticore
  9095 | D:10     | Killed a manticore
  9503 | D:10     | Noticed Joseph
  9519 | D:10     | Killed Joseph
  9525 | D:10     | Noticed an unseen horror
  9548 | D:10     | Killed an unseen horror
  9689 | D:10     | Found Mouhoerr's Jewellery Shoppe.
  9853 | D:11     | Noticed Maurice
  9853 | D:11     | Noticed a cyan ugly thing
 10007 | Lair:1   | Entered Level 1 of the Lair of Beasts
 10253 | Lair:1   | Reached skill level 5 in Evocations
 10461 | Lair:1   | Noticed Urug
 10500 | Lair:1   | Reached ***** piety under Ashenzari
 10523 | Lair:1   | Killed Urug
 10523 | Lair:1   | Reached skill level 13 in Unarmed Combat
 10606 | Lair:1   | Gained mutation: You regenerate. [Vine Stalker growth]
 10606 | Lair:1   | Reached XP level 12. HP: 49/65 MP: 15/17
 11978 | Lair:2   | Reached skill level 14 in Unarmed Combat
 12384 | Lair:3   | Reached XP level 13. HP: 70/70 MP: 18/18
 13105 | Lair:4   | Noticed Sonja
 13109 | Lair:4   | Killed Sonja
 13269 | Lair:4   | Reached skill level 15 in Unarmed Combat
 13287 | Lair:4   | Reached skill level 10 in Fighting
 13948 | Lair:4   | Reached skill level 1 in Shields
 14636 | Lair:5   | Found a hole to the Spider Nest.
 14826 | Lair:5   | Learned a level 5 spell: Alistair's Intoxication
 15179 | Lair:6   | Found a staircase to the Slime Pits.
 15180 | Lair:6   | Found a viscous altar of Jiyva.
 15284 | Lair:6   | Noticed an ice dragon
 15349 | Lair:6   | Killed an ice dragon
 15349 | Lair:6   | Reached skill level 1 in Transmutations
 15630 | Lair:6   | Found a staircase to the Shoals.
 15807 | Lair:7   | Reached XP level 14. HP: 77/77 MP: 19/19
 16215 | Lair:7   | Reached skill level 16 in Unarmed Combat
 16842 | Lair:8   | Entered Level 8 of the Lair of Beasts
 16957 | Lair:8   | Found a frozen archway.
 16963 | IceCv    | Entered an ice cave
 17813 | Lair:8   | Reached skill level 10 in Dodging
 18099 | Lair:8   | Reached skill level 5 in Shields
 18154 | Lair:8   | Reached XP level 15. HP: 66/83 MP: 20/20
 18746 | Orc:1    | Entered Level 1 of the Orcish Mines
 18886 | Orc:2    | Entered Level 2 of the Orcish Mines
 18886 | Orc:2    | Found a staircase to the Elven Halls.
 18970 | Orc:2    | Noticed an orc warlord
 19132 | Orc:1    | Killed an orc warlord
 19176 | Orc:2    | Reached skill level 5 in Transmutations
 19339 | Orc:2    | Reached skill level 17 in Unarmed Combat
 19358 | Orc:2    | Noticed Blork the orc
 19359 | Orc:2    | Found a roughly hewn altar of Beogh.
 19363 | Orc:2    | Found Zekytor's Jewellery Emporium.
 19437 | Orc:2    | Paralysed by an orc sorcerer for 4 turns
 19453 | Orc:2    | Killed Blork the orc
 19477 | Orc:2    | Found Zorabul's General Store.
 19552 | Orc:2    | Found Widial's Antique Armour Emporium.
 19569 | Orc:2    | Found Kedeva's Antique Weapon Emporium.
 19664 | Orc:2    | Noticed Rupert
 19687 | Orc:2    | Killed Rupert
 20459 | Orc:2    | Bought an ichor-stained ring mail for 324 gold pieces
 20459 | Orc:2    | Identified the +5 ring mail of Insecurity {+Blink Str+2} (You bought it in a shop on level 2 of the Orcish Mines)
 20459 | Orc:2    | Bought a topaz-encrusted leather armour for 252 gold pieces
 20459 | Orc:2    | Identified the cursed +0 leather armour "Subunn" {rElec} (You bought it in a shop on level 2 of the Orcish Mines)
 20633 | Orc:1    | Noticed an orc warlord
 20675 | Orc:1    | Shot with a bolt of flame by an orc warlord

Vault maps used:
D:1:      matt_arrival_grand_opening, serial_bayou, serial_bayou_pond_e,
          serial_bayou_pond_d, serial_bayou_ford_a, serial_bayou_pond_d,
          minmay_liquid_box, st_stairs_13, ashenzari_altar_1
D:2:      okawaru_gym_becter, ecumenical_altar_1, item_on_display_a, uniq_iyjb,
          uniq_sigmund
D:3:      makhleb_altar_promises_db, trog_wizard, uniq_terence
D:4:      minmay_temple_entry_overgrown, hangedman_decor_clover_reticule,
          minmay_gold_behind_fungi
D:5:      slow_altar_1, first_bread, wad_floor_pattern_1, tgw_kikubaaqudgha
D:6:      hangedman_cross_stitches, basic_altar
D:8:      nicolae_ru_sacrificial_ziggurat, johnstein_pakellas_shop
D:9:      statuecave_lemuel, grunt_temple_overflow_forces_of_nature,
          minmay_lair_entry_grove, zombieorc2_lemuel, serial_shops, shop,
          shop_fountains, nicolae_shop_stone, uniq_erolcha
D:10:     serial_shops, nicolae_shop_behind_doors, hangedman_pestilent_swarm,
          uniq_joseph, uniq_maud
D:11:     serial_shops, shop, kennysheep_generic_room_5, uniq_erica,
          uniq_maurice
Lair:1:   st_stairs_7, uniq_urug
Lair:2:   beast_lair_carwin_large_4, serial_bayou_shore_b
Lair:4:   grunt_megastairs_4, uniq_sonja
Lair:5:   spider_nest_entry_web_field, st_stairs_13, grunt_megastairs_1,
          infiniplex_staircase_pool_2
Lair:6:   minmay_shoals_entry_hut, slime_altar_1, ice2_lemuel
Lair:7:   serial_bayou_shore_a, lemuel_fruit_fields, grunt_megastairs_3
Lair:8:   grunt_lair_end_beastmaster, portal_ice_cave_entry_dragon, st_stairs_13
Orc:1:    lemuel_statue_altar, uniq_josephine
Orc:2:    grunt_orc_cross, mines3_lemuel, uniq_rupert
IceCv:    ice_cave_small_demon

Skill      XL: |  1  2  3  4  5  6  7  8  9 10 11 12 13 14 15 |
---------------+----------------------------------------------+-----
Fighting       | 3 4 5 6 7 8 9 10 11 | 11.6
Dodging        | 3 4 5 6 7 8 9 10 | 10.4
Unarmed Combat | 5 6 7 9 10 11 13 14 15 16 17 | 17.2
Armour         | 1 3 |  3.1
Evocations     | 3 5 6 |  6.1
Shields        | 2 5 |  5.2
Transmutations | 1 4 5 |  5.4
Stealth        | |  2.4

Action                   |  1- 3 |  4- 6 |  7- 9 | 10-12 | 13-15 || total
-------------------------+-------+-------+-------+-------+-------++-------
Melee: Unarmed           |    86 |   182 |   514 |   942 |  1744 ||  3468
Throw: Stone             |       |     4 |     2 |    10 |     7 ||    23
Invok: Curse Item        |       |       |     5 |       |     3 ||     8
 Abil: Evoke Blink       |       |       |       |     3 |    10 ||    13
Evoke: Wand              |       |       |     4 |     6 |       ||    10
  Use: Scroll            |       |       |    23 |     6 |     3 ||    32
       Potion            |       |       |       |     3 |     4 ||     7
 Stab: Distracted        |     2 |     1 |     2 |     3 |     6 ||    14
       Sleeping          |     5 |     9 |     6 |    10 |    31 ||    61
  Eat: Chunk             |     1 |     5 |    17 |    15 |    21 ||    59
       Bread ration      |       |       |       |     1 |     2 ||     3
